 Dungeon Crawl Stone Soup version 0.30.0-18-gc0e69614cb (webtiles) character file.

Game seed: 5667370517736339902

11298 olmar the Nimble (level 11, -22/84 HPs)
             Began as a Gnoll Wanderer on May 25, 2023.
             Was an Initiate of Gozag.
             Killed from afar by a deep elf zephyrmancer (37 damage)
             ... with a bolt of lightning
             ... on level 1 of the Orcish Mines.
             The game lasted 00:24:03 (13892 turns).

olmar the Nimble (Gnoll Wanderer)                  Turns: 13892, Time: 00:24:04

Health: -22/84     AC: 13    Str:  9    XL:     11   Next: 75%
Magic:  0/22       EV: 17    Int: 14    God:    Gozag
Gold:   2243       SH:  0    Dex: 16    Spells: 16/24 levels left

rFire   . . .        e - +6 quarterstaff (chaos)
rCold   . . .        (shield currently unavailable)
rNeg    . . .        H - +0 steam dragon scales
rPois   .            (no helmet)
rElec   .            o - +0 cloak
rCorr   .            m - +0 pair of gloves
SInv    .            (no boots)
Will    .....        (no amulet)
Stlth   ++++         q - +4 ring of slaying
HPRegen 0.34/turn    N - +4 ring of protection
MPRegen 0.18/turn

%: no passive effects
@: about to teleport, gold aura
A: fangs 1, strong nose, distributed training
a: Renounce Religion, Potion Petition, Call Merchant, Bribe Branch


You were on level 1 of the Orcish Mines.
You worshipped Gozag.
Gozag was most pleased with you.
You visited 3 branches of the dungeon, and saw 14 of its levels.

You collected 2278 gold pieces.
You paid 35 gold pieces to Gozag.

Inventory:

Hand Weapons
 a - a +0 dagger
 e - a +6 quarterstaff of chaos (weapon)
 t - a +3 dagger
 C - a +1 heavy quarterstaff
 J - the +1 trident "Sowuscheti" {venom, +Blink}
   (You found it on level 9 of the Dungeon)

   +Blink:    It lets you blink.
Missiles
 f - 42 poisoned darts (quivered)
 g - 66 stones
 V - 5 atropa-tipped darts
Armour
 d - a +2 leather armour
 h - a +2 ring mail of poison resistance
 m - a +0 pair of gloves (worn)
 o - a +0 cloak (worn)
 H - +0 steam dragon scales (worn)
 L - the +7 scale mail of Disguise {Drain rF++ rC+ Str+3}
   (You found it on level 8 of the Dungeon)

   Str:       It affects your strength (+3).
   rF:        It greatly protects you from fire.
   rC:        It protects you from cold.
   Drain:     It drains your maximum health when unequipped.
Magical Staves
 v - a staff of conjuration
 D - a staff of poison
Jewellery
 l - a +5 ring of evasion
 q - a +4 ring of slaying (left hand)
 s - a +5 ring of evasion
 w - a ring of magical power
 N - a +4 ring of protection (right hand)
 R - a ring of protection from fire
 T - a +6 ring of dexterity
Wands
 K - a wand of flame (21)
Scrolls
 k - 5 scrolls of vulnerability
 r - 4 scrolls of fog
 u - 3 scrolls of amnesia
 x - 4 scrolls of teleportation
 y - a scroll of enchant armour {unknown}
 B - a scroll of butterflies {unknown}
 E - a scroll of silence {unknown}
 F - a scroll of immolation
 O - a scroll of torment {unknown}
 P - a scroll of fear {unknown}
Potions
 b - 2 potions of mutation
 c - 9 potions of curing
 i - 2 potions of cancellation
 j - 2 potions of heal wounds
 n - 4 potions of might
 p - a potion of flight
 z - a potion of haste {unknown}
 A - a potion of resistance {unknown}
 G - a potion of brilliance {unknown}
 I - a potion of experience {unknown}
 M - 5 potions of ambrosia
 S - 2 potions of attraction {unknown}
 U - a potion of degeneration {unknown}


   Skills:
 + Level 7.3 Fighting
 + Level 6.8 Short Blades
 + Level 6.8 Long Blades
 + Level 6.8 Axes
 + Level 6.8 Maces & Flails
 + Level 6.8 Polearms
 + Level 6.8 Staves
 + Level 6.8 Ranged Weapons
 + Level 7.3 Throwing
 + Level 6.8 Armour
 + Level 9.5 Dodging
 + Level 7.3 Stealth
 + Level 6.8 Shields
 + Level 6.8 Unarmed Combat
 + Level 7.4 Spellcasting
 + Level 5.6 Conjurations
 + Level 5.6 Hexes
 + Level 5.6 Summonings
 + Level 5.6 Necromancy
 + Level 5.6 Translocations
 + Level 5.6 Transmutations
 + Level 5.6 Fire Magic
 + Level 5.6 Ice Magic
 + Level 5.6 Air Magic
 + Level 6.9 Earth Magic
 + Level 5.6 Poison Magic
 + Level 8.0 Invocations
 + Level 6.8 Evocations


You had 16 spell levels left.
You knew the following spells:

 Your Spells              Type           Power      Damage    Failure   Level
a - Sandblast             Erth           48%        2d12      1%          1
b - Poisonous Vapours     Pois/Air       42%        N/A       1%          2
c - Stone Arrow           Conj/Erth      44%        3d9       3%          3
d - Lesser Beckoning      Tloc           42%        N/A       1%          2

Your spell library contained the following spells:

 Spells                   Type           Power      Damage    Failure   Level
 Sting                    Tmut/Pois      84%        1d7       1%          1
 Gell's Gravitas          Tloc           21%        N/A       4%          3
 Inner Flame              Hex/Fire       21%        N/A       4%          3
 Teleport Other           Tloc           21%        N/A       4%          3
 Flame Wave               Conj/Fire      21%        2d8       13%         4
 Olgreb's Toxic Radiance  Pois           21%        N/A       13%         4
 Sticky Flame             Conj/Fire      21%        2d4       13%         4


Dungeon Overview and Level Annotations

Branches:
Dungeon (11/15)            Temple (1/1) D:4            Lair (0/5) D:9
    Orc (2/2) D:10
    Elf: Orc:2

Altars:
Dithmenos
Elyvilon
Gozag
Hepliaklqana
Makhleb
Nemelex Xobeh
Okawaru
Sif Muna
Trog
Vehumet
Wu Jian
Xom
Yredelemnul
Zin
The Shining One

Shops:
D:1 [   D:5 [

Annotations:
D:7 2 transporters


Innate Abilities, Weirdness & Mutations

You have very sharp teeth.
Your uncanny sense of smell can sniff out nearby items.
Your experience applies equally to all skills.


Message History

The deep elf zephyrmancer shouts!
The orc wizard shouts!
You hear a shout!
Casting: Poisonous Vapours (safe; 1% risk of failure)
Confirm with . or Enter, or press ? or * to list all spells.
Aiming: Poisonous Vapours (safe; 1% risk of failure)
Press: ? - help, Dir - move target, f - ogre
Aim: an ogre, wielding a +0 giant spiked club Poisonous vapours surround the ogre!
The ogre is poisoned.
You hear a shout!
The deep elf zephyrmancer is no longer distracted by gold.
The orc wizard casts a spell.
The orc wizard flickers and vanishes!
Deactivating autopickup; reactivate with Ctrl-A.
An orc comes into view. It is wielding a +0 mace.
An orc knight comes into view. It is wielding a +0 long sword.
The deep elf zephyrmancer points at you and mumbles some strange words.
The bolt of lightning hits you!!
The orc warlord hits you with a +3 antimagic great mace!
* * * LOW HITPOINT WARNING * * *
You feel your power leaking away.
You hear a shout! x20
Unknown command.
An orc warrior comes into view. It is wielding a +0 battleaxe.
The orc warrior shouts!
The deep elf zephyrmancer casts a spell.
The deep elf zephyrmancer blinks!
The orc warlord roars a battlecry!
The orc goes into a battle-frenzy!
Unknown command.
The ogre attacks as you move away! The ogre barely misses you.
An orc warrior and an orc come into view.
The orc priest calls upon Beogh to heal the orc warlord.
The orc warlord is healed somewhat.
The deep elf zephyrmancer gestures at you while chanting.
The bolt of lightning hits the ogre!!
The ogre dies!
The bolt of lightning hits you!
* * * LOW HITPOINT WARNING * * *
The bolt of lightning hits you!!!
You die...
Your body crumbles into a pile of gold.

###. . ##..#
##...# .##..e.#.
......###e....#..
.o...o...........
.o.o.......o.....
.#.......$o......
.....oo..>.e.....
.........$.......
.......@....#....
....###.........#
..# ##..#.#.###
########


You could see an orc warlord (very poisoned), 3 deep elf zephyrmancers, 2 orc
warriors, an orc priest (strong) and 4 orcs.

Vanquished Creatures
  A two-headed ogre (D:11)
  Pikel (D:7)
  2 manticores
  Joseph (D:10)
  Maggie (D:6)
  A kobold demonologist (D:10)
  A queen bee (D:10)
  2 trolls
  A hornet (D:11)
  Grinder (D:6)
  A shadow (D:9)
  A wyvern (D:7)
  9 yaks (D:10)
  2 vampire mosquitoes (D:10)
  A steam dragon (D:10)
  3 wargs (Orc:1)
  A water moccasin (D:8)
  A sky beast (D:7)
  10 orc warriors
  2 ice beasts
  2 black bears
  An ogre (D:7)
  2 lemures (D:7)
  2 centaurs
  A phantom (D:5)
  2 kobold brigands
  2 gnoll sergeants (D:8)
  A scorpion (D:5)
  A bullfrog (D:7)
  14 wights
  20 killer bees (D:10)
  A howler monkey (D:11)
  5 orc priests
  Crazy Yiuf (D:2)
  3 hounds
  4 jellies
  A gnoll bouda (D:5)
  A sleepcap (D:6)
  15 orc wizards
  3 iguanas
  16 gnolls
  8 adders
  A shadow imp (D:6)
  A white imp (D:6)
  An ufetubus (D:6)
  A worm (D:2)
  2 dart slugs (D:1)
  48 orcs
  6 ball pythons
  10 endoplasms
  A giant cockroach (D:2)
  4 hobgoblins
  9 jackals
  4 quokkas
  4 bats (D:1)
  3 frilled lizards
  7 goblins
  17 kobolds
  4 rats
272 creatures vanquished.

Vanquished Creatures (others)
  An ogre (Orc:1)
1 creature vanquished.

Grand Total: 273 creatures vanquished

Notes
Turn   | Place    | Note
-------+----------+-------------------------------------------
     0 | D:1      | olmar the Gnoll Wanderer began the quest for the Orb.
     0 | D:1      | olmar set off with the following items: a +0 dagger, a
                  | potion of mutation, a potion of curing, a +2 leather
                  | armour; and the following spell memorised: Sandblast; and
                  | the following spells available to memorise: Stone Arrow.
     0 | D:1      | Reached XP level 1. HP: 17/17 MP: 4/4
    84 | D:1      | Found Ximedoev's Armour Boutique.
   110 | D:1      | Reached XP level 2. HP: 23/23 MP: 2/5
   464 | D:1      | Reached XP level 3. HP: 24/28 MP: 7/7
  1126 | D:2      | Found a runed translucent door.
  1127 | D:2      | Noticed Crazy Yiuf
  1688 | D:3      | Reached skill level 1 in Short Blades
  1688 | D:3      | Reached skill level 1 in Long Blades
  1688 | D:3      | Reached skill level 1 in Axes
  1688 | D:3      | Reached skill level 1 in Maces & Flails
  1688 | D:3      | Reached skill level 1 in Polearms
  1688 | D:3      | Reached skill level 1 in Staves
  1688 | D:3      | Reached skill level 1 in Ranged Weapons
  1688 | D:3      | Reached skill level 1 in Armour
  1688 | D:3      | Reached skill level 1 in Shields
  1688 | D:3      | Reached skill level 1 in Unarmed Combat
  1688 | D:3      | Reached skill level 1 in Evocations
  1733 | D:3      | Reached XP level 4. HP: 25/34 MP: 8/8
  1806 | D:3      | Reached skill level 1 in Conjurations
  1806 | D:3      | Reached skill level 1 in Hexes
  1806 | D:3      | Reached skill level 1 in Summonings
  1806 | D:3      | Reached skill level 1 in Necromancy
  1806 | D:3      | Reached skill level 1 in Translocations
  1806 | D:3      | Reached skill level 1 in Transmutations
  1806 | D:3      | Reached skill level 1 in Fire Magic
  1806 | D:3      | Reached skill level 1 in Ice Magic
  1806 | D:3      | Reached skill level 1 in Air Magic
  1806 | D:3      | Reached skill level 1 in Poison Magic
  1999 | D:3      | Found a glowing golden altar of the Shining One.
  2154 | D:3      | Reached XP level 5. HP: 40/40 MP: 9/9
  2571 | D:4      | Found a staircase to the Ecumenical Temple.
  2580 | Temple   | Entered the Ecumenical Temple
  2633 | Temple   | Became a worshipper of Gozag Ym Sagoz the Greedy
  2741 | D:4      | Found a hazy altar of Hepliaklqana.
  2828 | D:4      | Found a shimmering altar of Xom.
  3045 | D:5      | Entered Level 5 of the Dungeon
  3227 | D:5      | Reached XP level 6. HP: 37/47 MP: 9/11
  3535 | D:5      | Reached skill level 7 in Dodging
  3535 | D:5      | Reached XP level 7. HP: 51/52 MP: 12/12
  3629 | D:5      | Found Jekhloem's Antique Armour Boutique.
  3643 | D:5      | Found a glowing silver altar of Zin.
  3688 | D:5      | Found a shimmering blue altar of Sif Muna.
  4393 | D:2      | Killed Crazy Yiuf
  4642 | D:6      | Reached XP level 8. HP: 60/60 MP: 14/14
  4968 | D:6      | Noticed Maggie
  4979 | D:6      | Killed Maggie
  5137 | D:6      | Noticed Grinder
  5151 | D:6      | Killed Grinder
  5847 | D:7      | Noticed a wyvern
  5852 | D:7      | Killed a wyvern
  5853 | D:7      | Reached skill level 5 in Earth Magic
  5853 | D:7      | Reached skill level 5 in Invocations
  5863 | D:7      | Learned a level 2 spell: Poisonous Vapours
  5949 | D:7      | Reached XP level 9. HP: 67/67 MP: 10/16
  6002 | D:7      | Reached skill level 5 in Spellcasting
  6003 | D:7      | Noticed Pikel
  6029 | D:7      | Killed Pikel
  6030 | D:7      | Reached skill level 5 in Fighting
  6030 | D:7      | Reached skill level 5 in Throwing
  6030 | D:7      | Reached skill level 5 in Stealth
  6171 | D:7      | Reached skill level 8 in Dodging
  6404 | D:7      | Found a transporter.
  6404 | D:7      | Found a transporter.
  6407 | D:7      | Noticed an ogre mage
  6662 | D:7      | Noticed a two-headed ogre
  6927 | D:8      | Reached skill level 5 in Short Blades
  6927 | D:8      | Reached skill level 5 in Long Blades
  6927 | D:8      | Reached skill level 5 in Axes
  6927 | D:8      | Reached skill level 5 in Maces & Flails
  6927 | D:8      | Reached skill level 5 in Polearms
  6927 | D:8      | Reached skill level 5 in Staves
  6927 | D:8      | Reached skill level 5 in Ranged Weapons
  6927 | D:8      | Reached skill level 5 in Armour
  6927 | D:8      | Reached skill level 5 in Shields
  6927 | D:8      | Reached skill level 5 in Unarmed Combat
  6927 | D:8      | Reached skill level 5 in Evocations
  6927 | D:8      | Reached XP level 10. HP: 24/76 MP: 18/18
  6949 | D:9      | Identified the +1 trident "Sowuscheti" {venom, +Blink}
  7106 | D:8      | Identified the +7 scale mail of Disguise {Drain rF++ rC+
                  | Str+3}
  7365 | D:8      | Found a shadowy altar of Dithmenos.
  7856 | D:8      | Learned a level 3 spell: Stone Arrow
  7859 | D:8      | Learned a level 2 spell: Lesser Beckoning
  7917 | D:9      | Found a staircase to the Lair.
  8181 | D:9      | Noticed a manticore
  8196 | D:9      | Killed a manticore
  8900 | D:10     | Entered Level 10 of the Dungeon
  8913 | D:10     | Found a staircase to the Orcish Mines.
  9143 | D:10     | Noticed Joseph
 10408 | D:10     | Noticed a kobold demonologist
 10419 | D:10     | Noticed a soul eater
 10423 | D:10     | Killed a kobold demonologist
 10424 | D:10     | Reached skill level 9 in Dodging
 10424 | D:10     | Reached skill level 5 in Conjurations
 10424 | D:10     | Reached skill level 5 in Hexes
 10424 | D:10     | Reached skill level 5 in Summonings
 10424 | D:10     | Reached skill level 5 in Necromancy
 10424 | D:10     | Reached skill level 5 in Translocations
 10424 | D:10     | Reached skill level 5 in Transmutations
 10424 | D:10     | Reached skill level 5 in Fire Magic
 10424 | D:10     | Reached skill level 5 in Ice Magic
 10424 | D:10     | Reached skill level 5 in Air Magic
 10424 | D:10     | Reached skill level 5 in Poison Magic
 10526 | D:10     | Reached XP level 11. HP: 83/83 MP: 18/21
 10904 | D:10     | Killed Joseph
 11956 | D:11     | Noticed a two-headed ogre
 11962 | D:11     | Noticed a manticore
 11982 | D:11     | Killed a two-headed ogre
 12116 | D:11     | Killed a manticore
 12751 | Orc:1    | Entered Level 1 of the Orcish Mines
 13280 | Orc:2    | Entered Level 2 of the Orcish Mines
 13294 | Orc:2    | Noticed an orc warlord
 13887 | Orc:1    | Noticed a deep elf zephyrmancer
 13887 | Orc:1    | Noticed a deep elf zephyrmancer
 13888 | Orc:1    | Noticed a deep elf zephyrmancer
 13889 | Orc:1    | Noticed a deep elf pyromancer
 13890 | Orc:1    | Noticed an orc knight
 13892 | Orc:1    | Killed from afar by a deep elf zephyrmancer

Illustrated notes

Levels and vault maps discovered:
D:1:      spicycebolla_green_bress_n_ham_2, layout_loops_ring, serial_shops,
          shop
D:2:      layout_loops_ring, hex_tiny, uniq_crazy_yiuf_cottage
D:3:      layout_rooms, lemuel_doored_altar
D:4:      layout_basic, mainiacjoe_overflow_paths,
          mainiacjoe_overflow_tiny_flanked, temple_doors_cd
D:5:      layout_cave_pods, lemuel_crystal_altar, led_sif_pool, serial_shops,
          kennysheep_mini, st_stairs_8, amcnicky_mini_pool_small,
          cheibrodos_gnoll_hut
D:6:      layout_gridville, minmay_misc_feat_square, uniq_maggie, uniq_grinder
D:7:      gammafunk_beogh_shrine, layout_basic, uniq_pikel
D:8:      layout_loops_ring, lemuel_crystal_altar
D:9:      layout_loops_cross, lair_entry_dummy
D:10:     layout_irregular_city, minmay_orc_entry_temple_small,
          chequers_serial_rivers_micro_d, minivault_7, uniq_joseph
D:11:     minmay_the_grid_triangle_9x9_recursive_2
          [minmay_the_grid_triangle_9x9_prize_insulated,
          minmay_the_grid_triangle_9x9_flanged_cone,
          minmay_the_grid_triangle_9x9_steps,
          minmay_the_grid_triangle_9x9_thin_v], layout_basic, st_stairs_8
Temple:   eino_temple_scatter_basement
Orc:1:    layout_caves, elves_outpost_lemuel
Orc:2:    st_orc_ogre_mass, layout_diamond_mine, serial_shops,
          nicolae_shop_trees

Skill      XL: |  1  2  3  4  5  6  7  8  9 10 11 |
---------------+----------------------------------+-----
Short Blades   | 1 2 3 4 5 6 |  6.8
Long Blades    | 1 2 3 4 5 6 |  6.8
Axes           | 1 2 3 4 5 6 |  6.8
Maces & Flails | 1 2 3 4 5 6 |  6.8
Polearms       | 1 2 3 4 5 6 |  6.8
Staves         | 1 2 3 4 5 6 |  6.8
Ranged Weapons | 1 2 3 4 5 6 |  6.8
Armour         | 1 2 3 4 5 6 |  6.8
Shields        | 1 2 3 4 5 6 |  6.8
Unarmed Combat | 1 2 3 4 5 6 |  6.8
Evocations     | 1 2 3 4 5 6 |  6.8
Spellcasting   | 3 4 5 6 7 |  7.4
Conjurations   | 1 2 3 4 5 |  5.6
Hexes          | 1 2 3 4 5 |  5.6
Summonings     | 1 2 3 4 5 |  5.6
Necromancy     | 1 2 3 4 5 |  5.6
Translocations | 1 2 3 4 5 |  5.6
Transmutations | 1 2 3 4 5 |  5.6
Fire Magic     | 1 2 3 4 5 |  5.6
Ice Magic      | 1 2 3 4 5 |  5.6
Air Magic      | 1 2 3 4 5 |  5.6
Poison Magic   | 1 2 3 4 5 |  5.6
Invocations    | 3 4 5 6 7 8 |  8.0
Fighting       | 3 4 5 6 7 |  7.3
Throwing       | 3 4 5 6 7 |  7.3
Earth Magic    | 4 5 6 |  6.9
Stealth        | 3 4 5 6 7 |  7.3
Dodging        | 7 8 9 |  9.5

Action                     |  1- 3 |  4- 6 |  7- 9 | 10-12 || total
---------------------------+-------+-------+-------+-------++-------
  Melee: Dagger            |   130 |   129 |    52 |       ||   311
         Bite              |    17 |    16 |    29 |    46 ||   108
         Punch             |     3 |     3 |       |       ||     6
         Quarterstaff      |       |       |   176 |   353 ||   529
  Throw: Stone             |       |     3 |     3 |       ||     6
         Dart              |       |       |       |     6 ||     6
   Cast: Sandblast         |     9 |    10 |     6 |     7 ||    32
         Poisonous Vapours |       |       |     3 |   126 ||   129
         Stone Arrow       |       |       |       |    19 ||    19
         Lesser Beckoning  |       |       |       |     2 ||     2
    Use: Potion            |       |     1 |     3 |     2 ||     6
         Scroll            |       |       |     6 |    11 ||    17
   Stab: Sleeping          |     6 |     3 |     8 |     1 ||    18
 Armour: Leather armour    |    30 |    20 |    19 |       ||    69
         Steam dragon scal |       |       |    21 |   139 ||   160
  Dodge: Dodged            |    92 |    91 |   204 |   368 ||   755
